Cogmind - Beta 15 @@@ ROGUE MODE // 2025.08.26 @ 09:46:20 Player: the Result: Destroyed by S-10 Pest with Light Assault Rifle Performance ------------- Evolutions (0) 0 Regions Visited (4) 800 Robots Destroyed (49) 245 Value Destroyed (691) 691 Prototype IDs (4) 80 Alien Tech Used (0) 0 Bonus (0) 0 TOTAL SCORE: 1816 Bonus ------- None Cogmind --------- Core Integrity 0/250 Matter 255/300 Energy 160/160 System Corruption 2% Temperature Warm (105) Movement Rolling (115) Ox1 Location -9/Mines Parts ------- > --- POWER (1) -------- Light Nuclear Core > --- PROPULSION (2) --- Compact Wheel Compact Wheel > --- UTILITY (2) ------ High-capacity Storage Unit Light Armor Plating > --- WEAPON (2) ------- Medium Laser Beam Cannon > --- INVENTORY (20) --- Ion Engine Heat Sink High-capacity Storage Unit Huge Storage Unit Seismic Detector Light Armor Plating Hacking Suite Medium Laser Medium Laser Medium Laser Medium Laser Beam Cannon Assault Rifle Assault Rifle Assault Rifle Mining Laser Peak State ------------ > --- POWER ------------ Light Nuclear Core > --- PROPULSION ------- Compact Wheel Compact Wheel > --- UTILITY ---------- Heat Sink Huge Storage Unit > --- WEAPON ----------- Beam Cannon Beam Cannon > --- INVENTORY -------- Ion Engine Light Treads Light Treads Light Treads Light Treads Light Treads High-capacity Matter Pod Seismic Detector Light Armor Plating Hacking Suite Medium Laser Medium Laser Medium Laser Medium Laser Medium Laser Medium Laser Medium Laser Medium Laser Assault Rifle Assault Rifle Assault Rifle Assault Rifle Assault Rifle Grenade Launcher Mining Laser [Rating: 11] Favorites ----------- Power Light Ion Engine Engine Light Ion Engine Power Core Light Nuclear Core Propulsion Compact Wheel Wheel Compact Wheel Utility Heat Sink Device Heat Sink Storage Huge Storage Unit Protection Light Armor Plating Weapon Beam Cannon Energy Gun Medium Laser Energy Cannon Beam Cannon Ballistic Gun Assault Rifle Launcher Grenade Launcher Special Weapon Mining Laser Build | -11 -10 -10 -10 -9 ------- Run | Yrd Mat Min Exi Min Slots Evolved . | . . . . . Power . | . . . . . Propulsion . | . . . . . Utility . | . . . . . Weapon . | . . . . . Parts Attached 29 | 8 14 1 1 5 Power 2 | 1 . 1 . . Engine 1 | 1 . . . . Core 1 | . . 1 . . Reactor . | . . . . . Propulsion 8 | 2 4 . . 2 Treads . | . . . . . Leg . | . . . . . Wheel 8 | 2 4 . . 2 Hover . | . . . . . Flight . | . . . . . Utility 10 | 2 6 . 1 1 Device 3 | 1 2 . . . Storage 5 | 1 3 . 1 . Processor . | . . . . . Hackware . | . . . . . Protection 2 | . 1 . . 1 Artifact . | . . . . . Weapon 9 | 3 4 . . 2 Energy Gun 2 | 1 . . . 1 Energy Cannon 2 | . 2 . . . Ballistic Gun 3 | 2 1 . . . Ballistic Cannon . | . . . . . Launcher 1 | . . . . 1 Special Weapon 1 | . 1 . . . Impact Weapon . | . . . . . Slashing Weapon . | . . . . . Piercing Weapon . | . . . . . Special Melee Weapon . | . . . . . Unidentified Prototypes . | . . . . . Parts Lost 5 | . 3 . . 2 Power . | . . . . . Propulsion 1 | . . . . 1 Utility 1 | . 1 . . . Weapon 3 | . 2 . . 1 Highest Loss Streak 3 | . 3 . . 1 To Critical Strikes . | . . . . . Average Backups 19 | 1 18 25 24 18 Power . | . 1 1 1 1 Propulsion 3 | . 3 5 4 2 Utility 3 | . 3 4 4 5 Weapon 11 | . 10 15 14 9 Tool/Special . | . . . . . Unused Backups 24 | . 3 . 7 14 Power 2 | . . . . 2 Propulsion 5 | . . . 1 4 Utility 6 | . 3 . 1 2 Weapon 11 | . . . 5 6 Tool/Special . | . . . . . Average Slot Usage (%) 99 | . 99 100 100 98 Engine 7 | . 14 5 . . Core 6 | . . 8 14 14 Wheel 27 | . 28 28 28 27 Device 13 | . 13 14 14 13 Storage 14 | . 14 14 14 14 Energy Cannon 23 | . 19 28 28 27 Ballistic Gun 4 | . 7 . . . Peak Build Rating 11 | 7 9 11 11 11 Average Rating 9 | 5 8 10 11 10 On Entrance 7 | . 7 9 11 11 Naked Turns . | . . . . . Heaviest Build 92 | 13 90 92 92 52 Greatest Support 32 | 20 32 32 32 32 Greatest Overweight (x) 3 | . 3 2 2 3 Average Overweight (x) 1 | . 1 2 1 1 Largest Inventory Capacity 25 | 8 25 25 25 20 Average Capacity 20 | 7 20 25 24 20 Most Carried 25 | 4 25 25 25 20 Average Carried 19 | 1 18 25 24 18 Final Capacity 25 | 8 25 25 20 20 Final Carried 25 | 4 25 25 20 16 Class Distribution -------------------- 100% | Mutant Dominant Class ---------------- Mutant | -10/Materials Mutant | -10/Mines Mutant | -10/Exiles Mutant | -9/Mines Resources | -11 -10 -10 -10 -9 ----------- Run | Yrd Mat Min Exi Min Matter Collected 1117 | 253 733 20 41 70 Remotely . | . . . . . Salvage Created 1539 | 136 815 171 . 417 Parts 112 | 15 71 6 . 20 Haulers Intercepted 2 | . 2 . . . Recyclers Shooed 2 | 1 . . . 1 Parts Field Recycled . | . . . . . Retrieved Matter . | . . . . . Parts Self-Destructed . | . . . . . Prevented . | . . . . . Kills | -11 -10 -10 -10 -9 ------- Run | Yrd Mat Min Exi Min Combat Hostiles Destroyed 21 | . 10 2 . 9 Guns 6 | . 6 . . . Cannons 8 | . 2 2 . 4 AOE 6 | . 2 . . 4 Classes Destroyed 10 | 2 7 . . 1 Worker 8 | . 8 . . . Builder 3 | . 3 . . . Tunneler 4 | 3 . . . 1 Hauler 2 | . 2 . . . Recycler 7 | 1 3 1 . 2 Operator 1 | . 1 . . . Watcher 3 | . 3 . . . Swarmer 11 | . 6 . . 5 Grunt 9 | . 4 2 . 3 Sentry 1 | . . . . 1 Best Kill Streak 4 | 4 4 3 . 4 Combat Bots Only 4 | . 3 2 . 4 Max Kills in Single Turn 3 | 1 2 1 . 3 Gunslinging . | . . . . . Exploded 3 | . 2 . . 3 Melee . | . . . . . Uniques/NPCs Destroyed . | . . . . . Combat | -11 -10 -10 -10 -9 -------- Run | Yrd Mat Min Exi Min Hostile Shots Fired 79 | . 35 . . 44 Missed 27 | . 13 . . 14 Hits 52 | . 22 . . 30 Projectile 52 | . 22 . . 30 Damage Taken 859 | . 457 . . 402 Core 257 | . 100 . . 157 Absorbed by Shields . | . . . . . Regen/Repaired (Parts) 33 | . 33 . . . Core Remaining (%) 100 | 100 . . . . Volleys Fired 114 | 9 76 5 . 24 Largest 2 | 2 2 2 . 2 Hottest 120 | 40 120 120 . 120 Shots Fired 218 | 18 148 10 . 42 Gun 92 | 18 72 . . 2 Cannon 116 | . 71 10 . 35 Launcher 5 | . . . . 5 Special 5 | . 5 . . . Kinetic 90 | 18 72 . . . Thermal 123 | . 76 10 . 37 Explosive 5 | . . . . 5 Electromagnetic . | . . . . . Robot Hit Streak 8 | 3 8 3 . 6 Robot Miss Streak 5 | 1 5 1 . 2 Penetration Max . | . . . . . Secondary Targets 2 | . 2 . . . Max Gunslinging Chain 1 | . 1 . . . Shots Hit Robots 105 | 8 68 7 . 22 Core Hits 54 | 5 33 4 . 12 Critical Kills 2 | . 2 . . . Critical Parts Destroyed . | . . . . . Critical Strikes 2 | . 2 . . . Destroy 2 | . 2 . . . Melee Attacks . | . . . . . Impact . | . . . . . Slashing . | . . . . . Piercing . | . . . . . Sneak Attacks . | . . . . . Combat Hostiles . | . . . . . Follow-up Attacks . | . . . . . Damage Inflicted 2078 | 94 1226 122 . 636 Guns 563 | 94 456 . . 13 Cannons 1080 | . 576 122 . 382 Explosions 435 | . 194 . . 241 Melee . | . . . . . Ramming . | . . . . . Kinetic 550 | 94 456 . . . Thermal 1093 | . 576 122 . 395 Explosive 435 | . 194 . . 241 Electromagnetic . | . . . . . Impact . | . . . . . Slashing . | . . . . . Piercing . | . . . . . Highest Corruption 2 | . 2 2 2 2 Average Corruption 2 | . 2 2 2 2 Corruption Purged . | . . . . . Corruption Blocked . | . . . . . Effects 29 | . 14 3 7 5 Message Errors 9 | . 5 1 1 2 Matter Fused 6 | . 2 1 3 . Heat Flow Errors 4 | . . 1 2 1 Energy Discharges 5 | . 3 . 1 1 Data Loss (minor) 3 | . 2 . . 1 Data Loss (major) 1 | . 1 . . . Misfires 1 | . 1 . . . Overload Shots . | . . . . . Overflow Damage 191 | . 191 . . . Projectiles 18 | . 18 . . . Explosions 173 | . 173 . . . Melee . | . . . . . Knockbacks . | . . . . . Impact . | . . . . . Kinetic . | . . . . . Secondary . | . . . . . Self-Inflicted Damage 279 | . 227 . . 52 Shots 4 | . 2 . . 2 Rammed . | . . . . . Targets Rammed . | . . . . . Kicked . | . . . . . Crushed . | . . . . . Highest Temperature 267 | . 192 267 118 264 Average Temperature 62 | . 56 83 57 70 Received Heat Transfer 192 | . 87 . . 105 Effects 1 | . . . . 1 Interference 1 | . . . . 1 Siege Activations . | . . . . . Martial Activations . | . . . . . Shielding Activations . | . . . . . Robots Disrupted . | . . . . . Combat Hostiles . | . . . . . Robots Corrupted . | . . . . . Combat Hostiles . | . . . . . Parts Fried . | . . . . . Impact Corruptions . | . . . . . Robots Melted 1 | . . . . 1 Combat Hostiles 1 | . . . . 1 Parts Melted 3 | . . . . 3 Heat Transferred 2331 | . 1221 259 . 851 Parts Sabotaged . | . . . . . Parts Stolen . | . . . . . Parts Stripped . | . . . . . Power Chain Reactions . | . . . . . Alert | -11 -10 -10 -10 -9 ------- Run | Yrd Mat Min Exi Min Maximum Alert Level . | . . . . . Low Security (%) 100 | 100 100 100 . 100 Level 1 . | . . . . . Level 2 . | . . . . . Level 3 . | . . . . . Level 4 . | . . . . . Level 5 . | . . . . . High Security . | . . . . . Max Security . | . . . . . Peak Influence 151 | 10 151 50 . 107 Initial . | . . . . . Average 44 | 1 56 16 . 29 Influence Increases 815 | 20 496 55 . 244 Destroy 0b10 Robot/C 420 | . 200 40 . 180 Destroy 0b10 Robot/NC 140 | 20 100 5 . 15 Destroy Leader 80 | . 50 10 . 20 Successful Hack 21 | . 21 . . . Disable Machine 45 | . 45 . . . Destroy Structure 64 | . 35 . . 29 Lose Combat Pursuer 45 | . 45 . . . Influence Decreases 754 | 20 493 58 . 183 Entered New Map 3 | . . 3 . . Time Decay 706 | 20 463 55 . 168 Lost Part 45 | . 30 . . 15 Squads Dispatched 1 | . 1 . . . Investigation . | . . . . . Extermination . | . . . . . Reinforcement 1 | . 1 . . . Assault . | . . . . . Garrison . | . . . . . Intercept . | . . . . . Searches Triggered . | . . . . . Construction Impeded . | . . . . . Haulers Reinforced . | . . . . . Active Scanning Responses . | . . . . . Cargo Convoy Interrupts . | . . . . . Stealth | -11 -10 -10 -10 -9 --------- Run | Yrd Mat Min Exi Min Distress Signals 2 | . 2 . . . Communications Jammed . | . . . . . Distress Signals . | . . . . . Times Spotted 35 | . 22 2 . 11 Peak Tracking Total 5 | . 5 2 . 4 Tactical Retreats 2 | . 2 . . . Traps | -11 -10 -10 -10 -9 ------- Run | Yrd Mat Min Exi Min Traps Triggered 1 | . 1 . . . Indirectly . | . . . . . Trap Hack Attempts . | . . . . . Triggered . | . . . . . Disarmed . | . . . . . Reprogrammed . | . . . . . Reused . | . . . . . Traps Extracted . | . . . . . Installed 5 | . . . . 5 Triggered . | . . . . . Machines | -11 -10 -10 -10 -9 ---------- Run | Yrd Mat Min Exi Min Machines Disabled 4 | . 4 . . . Max in Single Turn 2 | . 2 . . . Machines Repaired . | . . . . . Machines Dismantled . | . . . . . Machines Sabotaged . | . . . . . Overloaded Fab Kills . | . . . . . Hacking | -11 -10 -10 -10 -9 --------- Run | Yrd Mat Min Exi Min Machines Accessed 13 | . 9 . 4 . Terminals 7 | . 7 . . . Fabricators . | . . . . . Repair Stations 1 | . 1 . . . Recycling Units 1 | . 1 . . . Scanalyzers . | . . . . . Garrison Access . | . . . . . Total Hacks 33 | . 29 . 4 . Successful 18 | . 14 . 4 . Failed 15 | . 15 . . . Catastrophic 1 | . 1 . . . Database Lockouts . | . . . . . Manual 8 | . 8 . . . Terminals 23 | . 23 . . . Fabricators . | . . . . . Repair Stations 4 | . 4 . . . Recycling Units 2 | . 2 . . . Scanalyzers . | . . . . . Garrison Access . | . . . . . Terminal Hacks 12 | . 8 . 4 . Record 4 | . . . 4 . Prototype ID Bank 2 | . 2 . . . Branch Access Points 1 | . 1 . . . Alert Level 1 | . 1 . . . Hauler Manifests 1 | . 1 . . . Registered Components 1 | . 1 . . . Zone Layout 2 | . 2 . . . Fabricator Hacks . | . . . . . Repair Station Hacks 2 | . 2 . . . Scan Component 1 | . 1 . . . Repair 1 | . 1 . . . Recycling Unit Hacks 2 | . 2 . . . Process 1 | . 1 . . . Retrieve Matter 1 | . 1 . . . Scanalyzer . | . . . . . Garrison Access Hacks . | . . . . . Unauthorized Hacks 2 | . 2 . . . Terminals 2 | . 2 . . . Botnet 2 | . 2 . . . Fabricators . | . . . . . Repair Stations . | . . . . . Recycling Units . | . . . . . Scanalyzers . | . . . . . Garrison Access . | . . . . . Data Cores Recovered . | . . . . . Used . | . . . . . Hacking Detections 6 | . 6 . . . Full Trace Events . | . . . . . Feedback Events . | . . . . . Feedback Blocked . | . . . . . Robot Schematics Acquired . | . . . . . Robots Built . | . . . . . Authchips . | . . . . . Time . | . . . . . Total Robot Build Rating . | . . . . . Part Schematics Acquired . | . . . . . Parts Built . | . . . . . Authchips . | . . . . . Time . | . . . . . Total Part Build Rating . | . . . . . Parts Repaired 1 | . 1 . . . Time 26 | . 26 . . . Parts Recycled . | . . . . . Recycled Matter . | . . . . . Retrieved Matter . | . . . . . Retrieved Components . | . . . . . Parts Scanalyzed . | . . . . . Part Schematics Acquired . | . . . . . Parts Damaged . | . . . . . Bothacking | -11 -10 -10 -10 -9 ------------ Run | Yrd Mat Min Exi Min Used RIF Installer . | . . . . . Robots Hacked . | . . . . . Non-combat . | . . . . . Combat . | . . . . . Robot Hacks Applied . | . . . . . Relay Couplers Released . | . . . . . Fabnet Peak Effective % . | . . . . . Robots Rewired . | . . . . . Allies Hacked . | . . . . . Hacks Repelled . | . . . . . Allies | -11 -10 -10 -10 -9 -------- Run | Yrd Mat Min Exi Min Total Allies . | . . . . . Largest Group . | . . . . . Highest-Rated Group . | . . . . . Highest-Rated Ally . | . . . . . Total Orders . | . . . . . Ally Attacks . | . . . . . Total Damage . | . . . . . Kills . | . . . . . Allies Corrupted . | . . . . . Allies Melted . | . . . . . Intel | -11 -10 -10 -10 -9 ------- Run | Yrd Mat Min Exi Min Active Infowar (turns) 915 | 35 861 19 . . Seismic 915 | 35 861 19 . . Robot Analysis Total . | . . . . . Derelict Logs Recovered 1 | . . . . 1 Drone Launches . | . . . . . Drone Recoveries . | . . . . . Exploration | -11 -10 -10 -10 -9 ------------- Run | Yrd Mat Min Exi Min Turns Passed 2754 | 84 1409 189 491 581 Spaces Moved 1790 | 51 811 132 378 418 Core 2 | 2 . . . . Treads . | . . . . . Legs . | . . . . . Wheels 1788 | 49 811 132 378 418 Hover . | . . . . . Flight . | . . . . . Fastest Speed 50 | 50 80 130 115 115 Average Speed 116 | 78 110 130 128 116 Slowest Speed 145 | 80 135 130 130 145 Overloaded Moves . | . . . . . Propulsion Burnouts . | . . . . . Robots Hopped . | . . . . . Potential Cave-ins . | . . . . . Cave-ins Triggered . | . . . . . Exploration Rate (%) 58 | 5 97 26 78 84 Regions Visited 4 Branch Regions 3 Pre-discovered Areas . | . . . . . Known Exits Taken 1 | . 1 . . . Unknown Exits Taken 3 | 1 . 1 1 . Scrap Searched 3 | . . 1 . 2 Spaces Dug 28 | . 4 . . 24 Terrain Destroyed 67 | . 36 . . 31 Melee . | . . . . . Projectile 4 | . 4 . . . AOE 63 | . 32 . . 31 Terrain Rammed . | . . . . . Walls Destroyed . | . . . . . Machines Disabled . | . . . . . Actions | -11 -10 -10 -10 -9 --------- Run | Yrd Mat Min Exi Min Total 2234 | 73 1163 139 387 472 Wait 220 | . 210 . . 10 Move 1786 | 50 810 131 377 418 Hop . | . . . . . Pick Up 41 | 5 32 . 2 2 Fast Attach 8 | 7 . . . 1 Attach 5 | 1 3 . . 1 Detach . | . . . . . Swap 29 | . 21 2 1 5 Drop 26 | 1 11 1 7 6 Fire 114 | 9 76 5 . 24 Melee . | . . . . . Ram . | . . . . . Kick . | . . . . . Crush . | . . . . . Escape Stasis . | . . . . . Rewire . | . . . . . Trap 5 | . . . . 5 Miscellaneous . | . . . . . Route ------- -11/Scrapyard -10/Materials (discovered 5 exits: [*Mat x3] / *Min / [*Sub]) -10/Mines (discovered 2 exits: *Exi / [*Sub]) -10/Exiles -9/Mines (discovered 1 exit: [*Mat]) History --------- Turn | Location | Event 20 | -11/Scrapyard | Discovered new exit (range 15) 85 | -11/Scrapyard | Entered Materials 305 | -10/Materials | Discovered new exit (range 16) 327 | -10/Materials | Build established: Mutant 524 | -10/Materials | Discovered new exit (range 16) 545 | -10/Materials | Identified exit to Mines 546 | -10/Materials | Lost 3 parts (1u2w) 672 | -10/Materials | Discovered new exit (range 12) 866 | -10/Materials | Discovered new exit (range 16) 960 | -10/Materials | Repaired Lgt. Armor Plating 970 | -10/Materials | Discovered new exit (range 10) 1494 | -10/Materials | Entered Mines 1590 | -10/Mines | Discovered new exit (range 7) 1676 | -10/Mines | Deemed a non-threat by the Exiles lab entrance 1678 | -10/Mines | Discovered new exit (range 5) 1683 | -10/Mines | Entered Exiles 1683 | -10/Exiles | Found Exiles lab abandoned 2160 | -10/Exiles | Discovered new exit (range 14) 2174 | -10/Exiles | Entered Mines 2236 | -9/Mines | Core integrity fell below 50% 2279 | -9/Mines | Found a hidden stash of uninstalled traps 2439 | -9/Mines | Discovered new exit (range 5) 2446 | -9/Mines | Joined a pair of Derelicts in attacking an 0b10 outpost 2460 | -9/Mines | Core integrity fell below 20% 2691 | -9/Mines | Learned Materials emergency access door positions 2755 | -9/Mines | Destroyed by S-10 Pest with Light Assault Rifle Last Messages --------------- 02584_ U-05 Engineer lays Concrete. 02585_ Acquired 12 matter. 02585_ U-05 Engineer lays Concrete. 02586_ Acquired 21 matter. 02587_ U-05 Engineer lays Concrete. 02588_ Acquired 2 matter. 02588_ U-05 Engineer lays Concrete. 02589_ U-05 Engineer builds a Wall. 02592_ The unstable cave ceiling collapses. 02594_ U-05 Engineer lays Concrete. 02647_ T-07 Excavator is excavating. 02683_ System corrupted: Heat flow error (+292). 02691_ Acquired derelict log, extracted data. Data stored: Materials emergency access points. 02710_ T-07 Excavator destroyed. 02714_ Acquired 8 matter. 02724_ System corrupted: Component data lost. 02746_ Grenade Launcher destroyed. 02750_ Flight Unit melted. 02750_ S-10 Pest destroyed. Map ----- +----------------------------------------------------+ | ?????????? """ #????# #####????????## | | ???????????# """ #????# #????????????## | | ???????????# """ ##???# #????????????# | | ???????????# ##??# #????????????# | | ????????????# #### #????????????# | | ????????????## #????????????# | | ?????????????## #???????##??## | | ??????????????### ### ###??????## ### | | ????????????????# #?# ########## | | ????????????????# #?# | | ??????????????#?# ## | | ?????????????? ## ##?????# | | ?????????? ??? # #??????# | | ??????????s""" # #??????#### | | ?????????? """ ?????## | | ??????????? ## ?????# | | ??????????? *%[##### #??????????# | | ?????????? s##???# #??????????# | | ?????????### #???? #??????????# | | ???????### #???? #??????????# | | ???##### ##### ##??????????# | | ???# ! #? ##???????????# | | ???# ! #??##????????????# | | ???# ! ################## | | ???# ! *%! | | ???# @ ################### | | ???# #?????????????????? | | ???##################?????????????????? | | ??????????????????????????????????????? | | | | | | | | | | | | | | | | | | | | | | | | | | | | | | | | | | | | | | | | | | | +----------------------------------------------------+ Best States ------------- Heat Dissipation 35 Energy Generation 14 Energy Capacity 160 Matter Stores 300 Matter Capacity 300 Sight Range 16 Terrain Scan Density 10 Armor Coverage 150 Evasion (%) 44 Item Schematics ----------------- None Robot Schematics ------------------ None Fabricated ------------ Nothing Repaired ---------- Lgt. Armor Plating | 63% | -10/Materials Alien Tech Used ----------------- None Achievements -------------- None Challenges ------------ None Game ------ Seed MeleeEnergyTerminator Manual? 0 Play Time 00:20:07 Cumulative 259.0 hours Start 2025.08.26 @ 09:29:39 End 2025.08.26 @ 09:46:20 Sessions 1 Manual Loads 0 Difficulty Rogue Special Mode None Game No. 181 Rogue 181 Adventurer 0 Explorer 0 Win Type - Total 2 Types 2/0/0/0/0/0/0/0/0/0 Lore% 72 Gallery% 71 Achievement% 60 Wizard Run 0 Options --------- Layout 1 ASCII 0 Keyboard 0 Movement Mouse Keybinds 0 Fullscreen 1 Font 32/SmallcapsGlow Map View 50x35 Zoom Use 0% Tactical HUD 1 Map Filters NONE Filters NONE Steam 1 RUN: 1fb7ae88-04b2-4c07-87c3-184361af4aaa